 Dungeon Crawl Stone Soup version 0.26.0-10-g1f06aea511 (webtiles) character file.

Game seed: 12384855260715906360

161 Dracia the Cutter (level 5, 0/28 HPs)
             Began as a Kobold Enchanter on Jan 18, 2021.
             Slain by a jackal (3 damage)
             ... on level 5 of the Dungeon.
             The game lasted 00:08:14 (4790 turns).

Dracia the Cutter (Kobold Enchanter)                Turns: 4790, Time: 00:08:15

Health: 0/28       AC:  4    Str:  5    XL:     5   Next: 70%
Magic:  4/8        EV: 15    Int: 16    God:
Gold:   243        SH:  0    Dex: 17    Spells: 2/8 levels left

rFire    . . .     SeeInvis +   a - +1 dagger
rCold    . . .     Faith    .   (shield restricted)
rNeg     . . .     Spirit   .   b - +0 robe
rPois    .         Reflect  .   (no helmet)
rElec    .         Harm     .   e - +1 cloak
rCorr    .         Rampage  .   (no gloves)
Will     .....                  (no boots)
Stlth    ++++......             (no amulet)
HPRegen  0.09/turn              v - ring of see invisible
MPRegen  0.11/turn              (no ring)

@: mighty
A: small, nightstalker 3
a: no special abilities


You were on level 5 of the Dungeon.
You visited 1 branch of the dungeon, and saw 5 of its levels.

You collected 243 gold pieces.


Innate Abilities, Weirdness & Mutations

You are small and have problems with some larger weapons.
You are completely attuned to the shadows.


   Skills:
 - Level 5.5 Short Blades
 - Level 2.4 Dodging
 + Level 5.5 Stealth
 - Level 2.1 Spellcasting
 - Level 3.2 Hexes


You had 2 spell levels left.
You knew the following spells:

 Your Spells              Type           Power        Failure   Level
o - Confusing Touch       Hex            12%          16%         3
x - Ensorcelled Hibernat  Hex/Ice        12%          16%         2
z - Corona                Hex            13%          5%          1

Your spell library contained the following spells:

 Spells                   Type           Power        Failure   Level
 Tukima's Dance           Hex            12%          16%         3
 Dazzling Flash           Conj/Hex       12%          32%         3

Inventory:

Hand Weapons
 a - a +1 dagger (weapon)
Missiles
 k - 5 poisoned darts
Armour
 b - a +0 robe (worn)
 e - a +1 cloak (worn)
Jewellery
 v - a ring of see invisible (left hand)
Wands
 j - a wand of paralysis (10)
Scrolls
 d - a scroll of teleportation {@r4@r4}
 f - a scroll of identify {@r1@r1}
 g - a scroll of amnesia
Potions
 h - a potion of flight
 i - 2 potions of mutation

Dungeon Overview and Level Annotations

Branches:
Dungeon (5/15)
 Temple: D:4-7

Altars:
Fedhas

.).......
.........
..(.......
..........
....<.#.#
##....h.##.
#..#.†@.)..
...#.......
.......###.
.....#
......


You could see a jackal.


Message History

The jackal closely misses you.
You hit the jackal.
You kill the jackal!
The jackal bites you but does no damage.
The orc completely misses you.
Okay, then.
You barely miss the jackal. The jackal bites you.
* * * LOW HITPOINT WARNING * * *
The jackal barely misses you. The orc hits you.
* * * LOW HITPOINT WARNING * * *
Okay, then.
A jackal comes into view.
The orc completely misses you. The orc barely misses you. The jackal bites you.
* * * LOW HITPOINT WARNING * * *
There is a stone staircase leading down here.
The jackal misses you. The jackal completely misses you. The jackal bites you.
* * * LOW HITPOINT WARNING * * *
You climb downwards.
Found 24 stones, a spear and a falchion.
There is a stone staircase leading up here.
The jackal barely misses you. The jackal misses you.
You feel very mighty all of a sudden.
The jackal bites you but does no damage.
The jackal completely misses you.
You hit the jackal.
You kill the jackal!
The jackal bites you.
You die...

Skill      XL: |  1  2  3  4  5 |
---------------+----------------+-----
Short Blades   | 2 3 4 5 |  5.5
Stealth        | 5 |  5.5
Dodging        | |  2.4
Spellcasting   | |  2.1
Hexes          | |  3.2

Action                   |  1- 3 |  4- 6 || total
-------------------------+-------+-------++-------
Melee: Dagger            |    56 |   179 ||   235
 Cast: Ensorcelled Hiber |    14 |    30 ||    44
       Corona            |       |     1 ||     1
  Use: Scroll            |       |     7 ||     7
       Potion            |       |     1 ||     1
 Stab: Sleeping          |    21 |    22 ||    43
Armor: Robe              |     3 |    30 ||    33
Dodge: Dodged            |    40 |   119 ||   159

Levels and vault maps discovered:
D:1:      minmay_arrival_up_and_down, layout_basic, bh_walls_and_bars
D:2:      layout_loops_corners, minmay_shallow_snake_nest
D:3:      layout_basic, fedhas_altar_2, chequers_ecumenical_altar_island,
          serial_undead, serial_undead_f, serial_undead_a, serial_undead_b,
          serial_undead_e
D:4:      layout_loops_ring, st_stairs_5, minmay_misc_feat_room
D:5:      layout_rooms, uniq_sigmund

Notes
Turn   | Place    | Note
-------+----------+-------------------------------------------
     0 | D:1      | Dracia the Kobold Enchanter began the quest for the Orb.
     0 | D:1      | Reached XP level 1. HP: 10/10 MP: 3/3
   401 | D:1      | Reached skill level 2 in Short Blades
   490 | D:1      | Reached XP level 2. HP: 15/15 MP: 5/5
   553 | D:1      | Learned a level 2 spell: Ensorcelled Hibernation
  1387 | D:2      | Reached skill level 3 in Short Blades
  1387 | D:2      | Reached XP level 3. HP: 19/19 MP: 6/6
  1440 | D:2      | Reached skill level 4 in Short Blades
  1849 | D:2      | Reached XP level 4. HP: 24/24 MP: 7/7
  2122 | D:2      | Reached skill level 5 in Short Blades
  2670 | D:2      | Reached XP level 5. HP: 28/28 MP: 8/8
  3552 | D:3      | Learned a level 3 spell: Confusing Touch
  3683 | D:3      | Found a blossoming altar of Fedhas.
  3699 | D:3      | Reached skill level 5 in Stealth
  3906 | D:3      | Noticed an ice beast
  4231 | D:3      | Found a faded altar of an unknown god.
  4786 | D:5      | Entered Level 5 of the Dungeon
  4790 | D:5      | Slain by a jackal

Vanquished Creatures
  A worker ant zombie (D:3)
  6 adders (D:2)
  A shadow imp (D:3)
  5 worms
  4 dart slugs
  A leopard gecko (D:2)
  3 orcs (D:4)
  8 ball pythons
  10 bats
  5 goblins
  6 hobgoblins
  5 jackals
  A quokka (D:2)
  4 frilled lizards
  4 kobolds
  A leopard gecko skeleton (D:3)
  4 rats
69 creatures vanquished.

Vanquished Creatures (others)
  2 plants (D:2)
  2 withered plants (D:3)
4 creatures vanquished.

Grand Total: 73 creatures vanquished

Table legend: (Time is in decaauts)
 A = Elapsed time spent in this place.
 B = Non-inter-level travel time spent in this place.
 C = Inter-level travel time spent in this place.
 D = Time resting spent in this place.
 E = Time spent auto-exploring this place.
 F = Levels seen in this place.
 G = Mean time per level.
                   A        B        C        D        E       F      G
               +--------+--------+--------+--------+--------+-----+--------+
         Total |   4739 |   4557 |    182 |    478 |   3530 |   5 |  947.8 |
       Dungeon |   4739 |   4557 |    182 |    478 |   3530 |   5 |  947.8 |
               +--------+--------+--------+--------+--------+-----+--------+

Top non-repeatable levels by time:
     D:2: 1909 daAuts
     D:3: 1480 daAuts
     D:1: 1258 daAuts
     D:4: 87 daAuts
     D:5: 3 daAuts

Table legend:
 A = Non-vault XP
 B = Vault XP
 C = Vault XP percentage of total XP
 D = Non-vault monster count
 E = Vault monster count
 F = Vault count percentage of total count
                 A         B        C        D         E       F
            +---------+---------+-------+---------+---------+-------
      Total |     193 |      39 |  16.8 |      59 |      10 |  14.5
            +---------+---------+-------+---------+---------+-------
        D:1 |      19 |       0 |   0.0 |      10 |       0 |   0.0
        D:2 |     132 |      22 |  14.3 |      33 |       8 |  19.5
        D:3 |      29 |      17 |  37.0 |      11 |       2 |  15.4
        D:4 |      11 |       0 |   0.0 |       4 |       0 |   0.0
        D:5 |       2 |       0 |   0.0 |       1 |       0 |   0.0
            +---------+---------+-------+---------+---------+-------
